 Dungeon Sprint DCSS version 0.21.1-1-g345015f (webtiles) character file.

6385 wilfster70 the Unseen (level 11, -6/73 HPs)
             Began as a Kobold Enchanter on June 15, 2018.
             Was the Champion of Dithmenos.
             Mangled by a demonic crawler (9 damage)
             ... in the Dungeon (Sprint I: "Red Sonja").
             The game lasted 00:13:40 (1256 turns).

wilfster70 the Unseen (Kobold Enchanter)            Turns: 1256, Time: 00:13:41

Health: -6/73      AC: 20    Str:  5    XL:     11   Next: 17%
Magic:  23/23      EV: 11    Int: 20    God:    Dithmenos [******]
Gold:   878        SH:  0    Dex: 16    Spells: 20/26 levels left

rFire    + + .     SeeInvis +   b - +0 war axe
rCold    x . .     Gourm    .   (shield restricted)
rNeg     . . .     Faith    .   n - +8 fire dragon scales of the Pit {rF++ rC- MR+}
rPois    .         Spirit   .   q - +0 helmet {SInv}
rElec    .         Reflect  .   (no cloak)
rCorr    .         Harm     .   (no gloves)
MR       +....     NoTele   +   (no boots)
Stlth    ++++++++..             (no amulet)
HPRegen  0.22/turn              (no ring)
MPRegen  0.18/turn              (no ring)

@: hasted, wreathed by umbra, very quick
A: small, carnivore
a: Shadow Step, Shadow Form, Renounce Religion


You were in the Dungeon.
You worshipped Dithmenos.
Dithmenos was exalted by your worship.
You were full.

You visited 1 branch You collected 1050 gold pieces.
You spent 172 gold pieces at shops.

Inventory:

Hand Weapons
 a - a +1 dagger of venom
 b - a +0 war axe (weapon)
 p - a +6 blowgun
 u - a +0 dagger of venom
Missiles
 r - 7 curare-tipped needles
Armour
 k - a +2 leather armour of cold resistance
 n - the +8 fire dragon scales of the Pit (worn) {rF++ rC- MR+}
   (You found it in the Dungeon)

   It greatly protects you from fire.
   It makes you vulnerable to cold.
   It affects your resistance to hostile enchantments.
 q - a +0 helmet of see invisible (worn)
Wands
 i - a wand of polymorph (14)
 o - a wand of iceblast (6)
Scrolls
 j - a scroll of blinking
 l - a scroll of remove curse {unknown}
 m - a scroll of identify {unknown}
Potions
 e - 5 potions of curing
 h - 2 potions of magic
 s - a potion of might {unknown}
 t - a potion of invisibility {unknown}
Books
 c - a book of Maledictions

   Spells                             Type                      Level
   a - Corona                         Hexes                        1
   b - Ensorcelled Hibernation        Hexes/Ice                    2
   c - Confuse                        Hexes                        3
   d - Tukima's Dance                 Hexes                        3
   e - Dazzling Spray                 Conjuration/Hexes            3
Comestibles
 d - 2 rations


   Skills:
 - Level 10.4 Fighting
 - Level 13.7 Short Blades
 + Level 8.0 Armour
 - Level 12.8 Dodging
 - Level 15.1 Stealth
 + Level 8.2 Spellcasting
 + Level 7.0 Hexes
 + Level 6.3 Ice Magic
 + Level 0.0 Invocations


You had 20 spell levels left.
You knew the following spells:

 Your Spells              Type           Power        Failure   Level  Hunger
a - Corona                Hex            #####..      12%         1    None
b - Ensorcelled Hibernat  Hex/Ice        ####..       21%         2    None
c - Confuse               Hex            #####...     34%         3    None


Dungeon Overview and Level Annotations

Branches:
Dungeon (1/1)

Altars:
Cheibriados
Dithmenos
Elyvilon
Fedhas
Gozag
Hepliaklqana
Kikubaaqudgha
Makhleb
Nemelex Xobeh
Okawaru
Qazlal
Ru
Sif Muna
Trog
Uskayaw
Vehumet
Wu Jian
Xom
Yredelemnul
Zin
The Shining One
Jiyva
Lugonu

Shops:
D [%%(*(!}(%:}[=*[[


Innate Abilities, Weirdness & Mutations

You are small and have problems with some larger weapons.
You are carnivorous and can eat meat at any time.


Message History

The demonic crawler hits you but does no damage.
The demonic crawler closely misses you.
The demonic crawler hits you but does no damage.
The demonic crawler closely misses you. The demonic crawler barely misses you.
The demonic crawler closely misses you.
You hit the demonic crawler but do no damage.
The demonic crawler is almost dead.
The demonic crawler hits you but does no damage.
The demonic crawler barely misses you.
The demonic crawler hits you but does no damage.
You barely miss the demonic crawler.
The demonic crawler is almost dead.
The demonic crawler hits you but does no damage. x2
The demonic crawler hits you.
* * * LOW HITPOINT WARNING * * *
You hit the demonic crawler but do no damage.
The demonic crawler is almost dead.
The demonic crawler hits you but does no damage.
The demonic crawler barely misses you. The demonic crawler hits you!
You die...

##########################
#<.#..'..#.['..#__#..'.[.#
#..'÷.#.)'..#.ss..s..#[..##+#
#..#####'#####s#__####...'..#
#..####..#...#s####§)#####..+
#..#__####..##@#≈≈§.§#..# ##
#..#_____##'#_.+§≈≈§§§..#
#⌠⌠#_.∩...'..._#≈§§§(#§.#
####_..__##_.#'##§#####'###
#_____###'#.#(..)###.'.#
############.####'###(###§#
#∩........'...'.....'.∩##§#
###++++####.).###########÷#
###.###.....§§##.#


You could see 4 demonic crawlers.

Vanquished Creatures
  2 centaur warriors (D)
  Sonja (D)
  2 unseen horrors (D)
  A deep troll (D)
  An oklob plant (D)
  2 kobold demonologists (D)
  A hornet (D)
  A slime creature (D)
  Sigmund (D)
  2 redbacks (D)
  A yak (D)
  2 floating eyes (D)
  7 necrophages (D)
  An ogre (D)
  8 jellies (D)
  Ijyb (D)
  A ballistomycete (D)
  A ballistomycete spore (D)
36 creatures vanquished.

Vanquished Creatures (others)
  A ballistomycete spore (D)
1 creature vanquished.

Grand Total: 37 creatures vanquished

Notes
Turn   | Place    | Note
-------+----------+-------------------------------------------
     0 | D        | wilfster70 the Kobold Enchanter began the quest for the Orb.
     0 | D        | Reached XP level 1. HP: 10/10 MP: 3/3
     1 | D        | Noticed Ijyb
     9 | D        | Killed Ijyb
     9 | D        | Reached skill level 5 in Stealth
     9 | D        | Reached XP level 2. HP: 15/15 MP: 4/6
     9 | D        | Reached XP level 3. HP: 19/19 MP: 4/7
    18 | D        | Learned a level 2 spell: Ensorcelled Hibernation
    22 | D        | Learned a level 3 spell: Confuse
    59 | D        | Noticed an ogre
    63 | D        | Killed an ogre
    63 | D        | Reached skill level 5 in Short Blades
    63 | D        | Reached skill level 5 in Dodging
    63 | D        | Reached skill level 7 in Stealth
    63 | D        | Reached skill level 5 in Hexes
    63 | D        | Reached XP level 4. HP: 11/24 MP: 7/10
    63 | D        | Reached XP level 5. HP: 13/28 MP: 7/11
   221 | D        | Noticed Sigmund
   224 | D        | Killed Sigmund
   224 | D        | Reached skill level 8 in Stealth
   224 | D        | Reached skill level 5 in Spellcasting
   224 | D        | Reached XP level 6. HP: 32/32 MP: 11/14
   257 | D        | Found a deep blue altar of Sif Muna.
   258 | D        | Found an ornate altar of the Wu Jian Council.
   259 | D        | Found a radiant altar of Vehumet.
   265 | D        | Reached skill level 9 in Stealth
   297 | D        | Found Zygef's Food Emporium.
   297 | D        | Found an ancient bone altar of Kikubaaqudgha.
   297 | D        | Found a hazy altar of Hepliaklqana.
   297 | D        | Found a stormy altar of Qazlal.
   297 | D        | Found a hide-covered altar of Uskayaw.
   297 | D        | Found a blossoming altar of Fedhas.
   297 | D        | Found a bloodstained altar of Trog.
   297 | D        | Found an iron altar of Okawaru.
   297 | D        | Found a basalt altar of Yredelemnul.
   297 | D        | Found a glowing golden altar of the Shining One.
   297 | D        | Found a snail-covered altar of Cheibriados.
   297 | D        | Found a sacrificial altar of Ru.
   297 | D        | Found a glowing silver altar of Zin.
   297 | D        | Found a shadowy altar of Dithmenos.
   297 | D        | Found a white marble altar of Elyvilon.
   297 | D        | Noticed a yak
   298 | D        | Found an opulent altar of Gozag.
   299 | D        | Killed a yak
   299 | D        | Reached XP level 7. HP: 32/36 MP: 17/17
   300 | D        | Found a sparkling altar of Nemelex Xobeh.
   306 | D        | Became a worshipper of Dithmenos the Shadowed
   326 | D        | Noticed Sonja
   330 | D        | Killed Sonja
   330 | D        | Reached skill level 10 in Short Blades
   330 | D        | Reached skill level 11 in Stealth
   330 | D        | Reached skill level 5 in Ice Magic
   330 | D        | Reached XP level 8. HP: 41/41 MP: 18/20
   349 | D        | Found Garug's Antique Armour Boutique.
   357 | D        | Bought a runed helmet for 172 gold pieces
   374 | D        | Noticed a deep troll
   378 | D        | Killed a deep troll
   378 | D        | Reached skill level 10 in Dodging
   378 | D        | Reached skill level 12 in Stealth
   378 | D        | Reached XP level 9. HP: 45/45 MP: 21/21
   388 | D        | Found Uraj's Armour Emporium.
   407 | D        | Noticed a centaur warrior
   407 | D        | Noticed a centaur warrior
   410 | D        | Killed a centaur warrior
   410 | D        | Reached * piety under Dithmenos
   410 | D        | Reached skill level 13 in Stealth
   411 | D        | Killed a centaur warrior
   411 | D        | Reached skill level 14 in Stealth
   411 | D        | Reached XP level 10. HP: 50/50 MP: 22/22
   422 | D        | Reached skill level 15 in Stealth
   435 | D        | Noticed an oklob plant
   437 | D        | Killed an oklob plant
   437 | D        | Reached ** piety under Dithmenos
   452 | D        | Reached *** piety under Dithmenos
   452 | D        | Reached skill level 5 in Fighting
   470 | D        | Noticed an unseen horror
   471 | D        | Noticed an unseen horror
   477 | D        | Killed an unseen horror
   477 | D        | Reached skill level 5 in Armour
   479 | D        | Killed an unseen horror
   532 | D        | Reached **** piety under Dithmenos
   547 | D        | Reached ***** piety under Dithmenos
   849 | D        | Reached XP level 11. HP: 71/71 MP: 14/23
   866 | D        | Got smoking fire dragon scales
   877 | D        | Identified the +8 fire dragon scales of the Pit {rF++ rC- MR+} (You found it in the Dungeon)
   880 | D        | Found Bijoicw's Antique Weapon Shoppe.
   880 | D        | Found Ciuf's Food Shop.
   880 | D        | Found Onaujim's Assorted Antiques.
   882 | D        | Found Eqavix's Weapon Emporium.
   882 | D        | Found Bacaes's Distillery.
   882 | D        | Found Ysaodit's Gadget Shoppe.
   882 | D        | Found Zuudwinn's Antique Weapon Boutique.
   882 | D        | Found Ypuon's Food Emporium.
   882 | D        | Found Giott's Book Shop.
   882 | D        | Found Zeiheo's Gadget Shoppe.
   883 | D        | Found Mongoh's Antique Armour Boutique.
   886 | D        | Found Vilimp's Assorted Antiques.
   886 | D        | Found Ryfacixt's Jewellery Boutique.
   887 | D        | Found Ferysuge's Armour Emporium.
  1047 | D        | Found a burning altar of Makhleb.
  1047 | D        | Found a viscous altar of Jiyva.
  1047 | D        | Found a shimmering altar of Xom.
  1047 | D        | Found a corrupted altar of Lugonu.
  1050 | D        | Reached ****** piety under Dithmenos
  1070 | D        | Reached skill level 10 in Fighting
  1247 | D        | HP: 3/73 [demonic crawler (5)]
  1248 | D        | HP: 1/73 [demonic crawler (2)]
  1255 | D        | HP: 2/73 [demonic crawler (5)]
  1256 | D        | Mangled by a demonic crawler

Skill      XL: |  1  2  3  4  5  6  7  8  9 10 11 |
---------------+----------------------------------+-----
Short Blades   | 3 5 7 8 10 11 13 | 13.7
Dodging        | 3 5 7 9 10 12 | 12.8
Stealth        | 5 7 8 9 11 12 14 15 | 15.1
Spellcasting   | 3 4 5 6 8 |  8.2
Hexes          | 5 6 7 |  7.0
Ice Magic      | 2 5 6 |  6.3
Fighting       | 9 10 | 10.4
Armour         | 7 8 |  8.0

Action                   |  1- 3 |  4- 6 |  7- 9 | 10-12 || total
-------------------------+-------+-------+-------+-------++-------
Melee: Unarmed           |     5 |       |       |       ||     5
       Dagger            |     3 |     3 |     4 |    70 ||    80
       War axe           |       |       |       |    28 ||    28
 Cast: Ensorcelled Hiber |       |     2 |       |    18 ||    20
       Confuse           |       |       |       |    12 ||    12
  Use: Potion            |     1 |       |       |     3 ||     4
 Stab: Sleeping          |     1 |     3 |     4 |    20 ||    28
       Confused          |       |       |       |     6 ||     6
  Eat: Chunk             |       |     3 |     4 |       ||     7
Armor: Leather armour    |       |       |       |     3 ||     3
       Fire dragon scale |       |       |       |    92 ||    92
Dodge: Dodged            |     3 |     1 |       |    89 ||    93
